[Event "Titled Tuesday Blitz August 1 Late 2023"]
[White "Liu, Casper"]
[Black "Vaglio Munoz, Jaime"]
[WhiteFideId "1454153"]
[BlackFideId "6500145"]
[WhiteElo "2477"]
[BlackElo "2274"]
[Result "1/2-1/2"]
[Round "3"]
[TimeControl "180+1"]
[Date "2023.08.01"]
[WhiteClock "0:00:04"]
[BlackClock "0:00:07"]
[Board "139"]

1. e4 c5 2. d4 cxd4 3. Qxd4 Nc6 4. Qe3 Nf6 5. Nc3 e6 6. Bd2 Bb4 7. O-O-O Qa5 8. Kb1 a6 9. a3 Bc5 10. Qg3 O-O 11. Nd5 Qd8 12. Nxf6+ Qxf6 13. Bc3 e5 14. Bc4 d6 15. Nf3 Bg4 16. h3 Bxf3 17. gxf3 g6 18. h4 h5 19. Rdg1 Kh7 20. Bd2 Nd4 21. Rh3 Ne6 22. Bg5 Nxg5 23. hxg5 Qf4 24. Qxf4 exf4 25. Rg2 Bd4 26. Bd5 Rab8 27. c3 Be5 28. Rh1 a5 29. Kc2 b5 30. Rgg1 Kg7 31. Rc1 Rfc8 32. Kd3 Rc5 33. b4 Rc7 34. bxa5 Ra7 35. c4 Rxa5 36. cxb5 Rxa3+ 37. Ke2 Rxb5 38. Rc7 Rxd5 39. exd5 Ra2+ 40. Kf1 Bd4 41. Rh2 Ra5 42. Kg2 Rxd5 43. Rh1 Bc5 44. Re1 Rxg5+ 45. Kf1 h4 46. Ree7 Rf5 47. Kg2 Bd4 48. Rcd7 Be5 49. Kh3 Bd4 50. Kxh4 Bxf2+ 51. Kg4 Bc5 52. Re8 Re5 53. Ree7 Rxe7 54. Rxe7 Kf6 55. Rd7 Ke6 56. Rd8 Ke7 57. Rb8 Kf6 58. Kxf4 g5+ 59. Kg4 Be3 60. Rd8 Ke7 61. Rh8 Ke6 62. Rh1 f5+ 63. Kh3 d5 64. Kg2 d4 65. Rd1 Ke5 66. Kf1 Kf4 67. Ke2 g4 68. fxg4 fxg4 69. Rf1+ Kg3 70. Rf7 Kg2 71. Rg7 g3 72. Rg6 Kh2 73. Kf3 Bf2 74. Rh6+ Kg1 75. Ra6 Kh2 76. Rh6+ Kg1 77. Ra6 d3 78. Rd6 Kh2 79. Rxd3 g2 80. Rd1 g1=Q 81. Rxg1 Bxg1 1/2-1/2


[Site "https://www.chess.com"]

[Event "Titled Tuesday Blitz August 1 Late 2023"]
[White "Tqebuchava, Zurab"]
[Black "ArchibaldCerveza29"]
[WhiteFideId "13601113"]
[WhiteElo "2272"]
[BlackElo "2472"]
[Result "0-1"]
[Round "3"]
[TimeControl "180+1"]
[Date "2023.08.01"]
[WhiteClock "0:00:00"]
[BlackClock "0:00:32"]
[Board "140"]

1. e4 c6 2. d3 d5 3. Nd2 e5 4. Ngf3 Bd6 5. Be2 f5 6. exd5 cxd5 7. O-O Nc6 8. c4 d4 9. Re1 Nf6 10. Bf1 O-O 11. b4 Bxb4 12. Nxe5 Nxe5 13. Rxe5 Bd6 14. Re1 Ng4 15. Nf3 Qc7 16. g3 f4 17. Bg2 fxg3 18. hxg3 Bxg3 19. fxg3 Qxg3 20. Qe2 Rxf3 21. Qxf3 Qxe1+ 22. Qf1 Qxf1+ 23. Kxf1 Bf5 24. Ke2 Re8+ 25. Kd2 Nf2 26. Ba3 Bxd3 27. Bd5+ Kh8 28. Re1 Rxe1 29. Kxe1 Ne4 30. Bb2 Nc3 31. Kd2 Be4 32. Bxc3 dxc3+ 33. Kxc3 Bxd5 34. cxd5 Kg8 35. Kd4 Kf8 36. Ke5 Ke7 0-1


[Site "https://www.chess.com"]

[Event "Titled Tuesday Blitz August 1 Late 2023"]
[White "Schut, Han"]
[Black "ExchangeAB"]
[WhiteFideId "1005561"]
[WhiteElo "2267"]
[BlackElo "2463"]
[Result "0-1"]
[Round "3"]
[TimeControl "180+1"]
[Date "2023.08.01"]
[WhiteClock "0:00:35"]
[BlackClock "0:01:47"]
[Board "141"]

1. e4 c6 2. d4 d5 3. exd5 cxd5 4. c4 Nf6 5. Nc3 e6 6. Nf3 Bb4 7. cxd5 Nxd5 8. Qc2 Nc6 9. a3 Be7 10. Bd3 Bf6 11. Bxh7 Nxd4 12. Nxd4 Bxd4 13. Nxd5 Qxd5 14. Be4 Qe5 15. f4 Qc5 16. Qxc5 Bxc5 17. Bd2 Rb8 18. Bc3 f6 19. Bg6+ Ke7 20. Ke2 Bd7 21. Be4 Bb5+ 22. Kd2 Rbd8+ 23. Kc2 Rd7 24. Rad1 Rhd8 25. Rxd7+ Rxd7 26. Rd1 Ba4+ 27. b3 Bxb3+ 0-1


[Site "https://www.chess.com"]

[Event "Titled Tuesday Blitz August 1 Late 2023"]
[White "Bashylina, Luisa"]
[Black "Urbina Perez, Juan Antonio"]
[WhiteFideId "12983292"]
[BlackFideId "2217368"]
[WhiteElo "2227"]
[BlackElo "2462"]
[Result "1-0"]
[Round "3"]
[TimeControl "180+1"]
[Date "2023.08.01"]
[WhiteClock "0:00:14"]
[BlackClock "0:00:01"]
[Board "142"]

1. e4 c5 2. Nf3 d6 3. g3 g6 4. Bg2 Bg7 5. O-O Nc6 6. Re1 Nf6 7. c3 e5 8. d3 O-O 9. Be3 Rb8 10. h3 b5 11. Nbd2 a5 12. Nf1 b4 13. Bg5 h6 14. Bxf6 Bxf6 15. Ne3 Bg7 16. Nd2 Be6 17. Nd5 Ne7 18. Nc4 Nxd5 19. exd5 Bc8 20. Qe2 Ba6 21. Nd2 bxc3 22. bxc3 e4 23. Nxe4 Re8 24. Qc2 f5 25. Nd2 Qf6 26. Rxe8+ Rxe8 27. Rc1 h5 28. Qa4 Re2 29. Qxa5 Bxd3 30. Nf3 Be4 31. Nh4 g5 32. Nf3 f4 33. g4 hxg4 34. hxg4 Qe7 35. Qb5 Bxd5 36. Qd3 Bxa2 37. Rd1 d5 38. Nxg5 Re1+ 39. Rxe1 Qxe1+ 40. Kh2 f3 41. Qh7+ Kf8 42. Qf5+ Ke8 43. Qf7+ Kd8 44. Ne6+ Qxe6 45. Qxe6 fxg2 46. Qd6+ Ke8 47. Qb8+ Kf7 48. Qa7+ Kg8 49. Qxa2 Bxc3 50. Qxd5+ 1-0


[Site "https://www.chess.com"]

[Event "Titled Tuesday Blitz August 1 Late 2023"]
[White "De Souza, Cristiano Gomes"]
[Black "szachmistrz2500"]
[WhiteFideId "2151758"]
[WhiteElo "2218"]
[BlackElo "2462"]
[Result "1-0"]
[Round "3"]
[TimeControl "180+1"]
[Date "2023.08.01"]
[WhiteClock "0:00:55"]
[BlackClock "0:00:13"]
[Board "143"]

1. d4 c5 2. d5 e5 3. c4 d6 4. Nc3 a6 5. e4 g6 6. Be2 Bg7 7. Nf3 Ne7 8. O-O O-O 9. Ne1 f5 10. Nd3 f4 11. Bg4 h5 12. Bxc8 Qxc8 13. f3 Nd7 14. a3 g5 15. Bd2 Nf6 16. Rc1 g4 17. fxg4 hxg4 18. g3 f3 19. Nf2 Qd7 20. Be3 b5 21. cxb5 axb5 22. Qd2 Kf7 23. Bh6 Rh8 24. Bxg7 Kxg7 25. Qg5+ Ng6 26. Ncd1 Rh5 27. Qd2 Rah8 28. h4 gxh3 29. Kh2 Rg8 30. Rc3 Ng4+ 31. Nxg4 Qxg4 32. Rcxf3 Qxe4 33. Nc3 Qc4 34. Qe3 Kh8 35. Ne4 Kg7 36. Nf6 Rhh8 37. Nxg8 Rxg8 38. Rf7+ Kh8 39. Qh6# 1-0


[Site "https://www.chess.com"]

[Event "Titled Tuesday Blitz August 1 Late 2023"]
[White "BeautiFullMindChess"]
[Black "Goncalves, Davi Sulzbacher"]
[BlackFideId "2154510"]
[WhiteElo "2210"]
[BlackElo "2458"]
[Result "1-0"]
[Round "3"]
[TimeControl "180+1"]
[Date "2023.08.01"]
[WhiteClock "0:00:21"]
[BlackClock "0:00:19"]
[Board "144"]

1. e4 c5 2. Nf3 d6 3. Bc4 Nf6 4. d3 g6 5. c3 Bg7 6. Bb3 O-O 7. O-O Nc6 8. h3 b6 9. Nbd2 Bb7 10. Re1 Qc7 11. Nf1 Rad8 12. Ng3 e5 13. Bg5 h6 14. Bxf6 Bxf6 15. Nf1 Na5 16. Ne3 Nxb3 17. axb3 Bc6 18. c4 Bg7 19. h4 f5 20. h5 fxe4 21. Nh4 g5 22. Ng6 Rf7 23. dxe4 Bxe4 24. Nd5 Bxd5 25. Qxd5 Qb7 26. Qe6 Qd7 27. Qd5 a5 28. Rad1 Kh7 29. Rd3 Qg4 30. Qxf7 1-0


[Site "https://www.chess.com"]

[Event "Titled Tuesday Blitz August 1 Late 2023"]
[White "Feliz Dotel, Dewar Bienvenido"]
[Black "Novikov, Evgenij"]
[WhiteFideId "6402801"]
[BlackFideId "4125380"]
[WhiteElo "2153"]
[BlackElo "2436"]
[Result "1/2-1/2"]
[Round "3"]
[TimeControl "180+1"]
[Date "2023.08.01"]
[WhiteClock "0:00:08"]
[BlackClock "0:00:07"]
[Board "145"]

1. d4 Nf6 2. e3 d5 3. Nf3 c5 4. dxc5 Qa5+ 5. Nbd2 Qxc5 6. a3 a5 7. b4 Qc7 8. b5 b6 9. c4 e6 10. Bb2 Be7 11. cxd5 exd5 12. Rc1 Qd8 13. Qc2 Nbd7 14. Bd3 O-O 15. O-O Bb7 16. Ne5 Nc5 17. Nc6 Bxc6 18. bxc6 Rc8 19. Bb5 Rc7 20. Rfd1 Qc8 21. Be5 Rxc6 22. Bxc6 Qxc6 23. Nb3 Rd8 24. Nd4 Qd7 25. Qf5 Qe8 26. Rb1 Ncd7 27. Nc6 Nxe5 28. Nxe5 Bc5 29. Nd3 Ne4 30. Nxc5 bxc5 31. Rxd5 Rxd5 32. Qxd5 Nc3 33. Qc6 Qd8 34. Rf1 h6 35. Qxc5 Ne4 36. Qc2 Qd5 37. Rd1 Qe5 38. Rd8+ Kh7 39. f3 Qa1+ 40. Rd1 Qxa3 41. Qxe4+ g6 42. h3 a4 43. Rd7 Qa1+ 44. Kh2 Qf6 45. Qd4 Qe6 46. Rd6 Qf5 47. Rd8 g5 48. Rh8+ Kg6 49. g4 Qxf3 50. Qb6+ f6 51. Qd4 Qf2+ 52. Kh1 Qf1+ 53. Kh2 Qf2+ 54. Kh1 Qf1+ 55. Kh2 Qf2+ 1/2-1/2


[Site "https://www.chess.com"]

[Event "Titled Tuesday Blitz August 1 Late 2023"]
[White "KrokerGuy"]
[Black "Penagalapati, Abhinav"]
[BlackFideId "30938210"]
[WhiteElo "2426"]
[BlackElo "2065"]
[Result "1-0"]
[Round "3"]
[TimeControl "180+1"]
[Date "2023.08.01"]
[WhiteClock "0:00:06"]
[BlackClock "0:00:09"]
[Board "146"]

1. e4 Nf6 2. e5 Nd5 3. Nf3 d6 4. d4 dxe5 5. Nxe5 g6 6. Bc4 c6 7. O-O Bg7 8. Re1 O-O 9. Nc3 Bf5 10. Bb3 Na6 11. Nf3 Nac7 12. Bg5 Re8 13. Qe2 h6 14. Bh4 Ne6 15. Rad1 Nef4 16. Qd2 g5 17. Bg3 Ng6 18. h4 g4 19. Ne5 Nxe5 20. Bxe5 f6 21. Bf4 Kh7 22. Nxd5 cxd5 23. c3 Qd7 24. Re2 e5 25. Bg3 e4 26. Bf4 Bg6 27. g3 h5 28. Kg2 Re6 29. Rde1 Rae8 30. c4 dxc4 31. Bxc4 Rc6 32. Bb5 Qd5 33. Bxc6 Qxc6 34. Kg1 Rd8 35. Qe3 Bf8 36. Rd1 Qd5 37. b3 Bb4 38. Rc2 Ba3 39. Rc4 Qa5 40. Rd2 Rd7 41. Rdc2 Be7 42. Rc7 Qa3 43. Rxd7 1-0


[Site "https://www.chess.com"]

[Event "Titled Tuesday Blitz August 1 Late 2023"]
[White "Navyblue1"]
[Black "Kielinkei"]
[WhiteElo "1924"]
[BlackElo "2419"]
[Result "1/2-1/2"]
[Round "3"]
[TimeControl "180+1"]
[Date "2023.08.01"]
[WhiteClock "0:00:09"]
[BlackClock "0:00:09"]
[Board "147"]

1. d4 Nf6 2. c4 e6 3. Nc3 Bb4 4. Nf3 b6 5. g3 Bb7 6. Bg2 O-O 7. O-O d5 8. cxd5 exd5 9. Bg5 h6 10. Bxf6 Qxf6 11. Ne5 c6 12. e3 Bd6 13. Nd3 Nd7 14. Re1 Rfe8 15. Rc1 Qe7 16. a3 Nf6 17. b4 Rad8 18. Qb3 h5 19. a4 h4 20. e4 dxe4 21. Nxe4 hxg3 22. hxg3 Nxe4 23. Rxe4 Qf6 24. Rxe8+ Rxe8 25. Qc4 b5 26. Qc3 bxa4 27. Bxc6 Bxc6 28. Qxc6 Re2 29. Qc8+ Kh7 30. Qh3+ Qh6 31. Qxh6+ gxh6 32. Ra1 Rd2 33. Nc5 Rxd4 34. Nb7 Bxb4 35. Rxa4 a5 36. Nxa5 Rd1+ 37. Kg2 Bc5 38. Rf4 Kg7 39. Nc4 Bd4 40. Ne3 Bxe3 41. fxe3 Rd5 42. Kf3 Kg6 43. Rg4+ Kf6 44. Rf4+ Kg6 45. Rg4+ Kf6 46. Rf4+ Ke6 47. Re4+ Kf6 48. Rf4+ 1/2-1/2


[Site "https://www.chess.com"]

[Event "Titled Tuesday Blitz August 1 Late 2023"]
[White "Akbas, Umut Ata"]
[Black "Zilleruelo Irizarry, Diego"]
[WhiteFideId "44572646"]
[BlackFideId "3101460"]
[WhiteElo "2800"]
[BlackElo "2325"]
[Result "1-0"]
[Round "3"]
[TimeControl "180+1"]
[Date "2023.08.01"]
[WhiteClock "0:02:10"]
[BlackClock "0:01:17"]
[Board "148"]

1. b3 d5 2. Bb2 c5 3. e3 Nc6 4. Bb5 Nf6 5. Nf3 e6 6. Ne5 Bd7 7. Bxc6 Bxc6 8. O-O Be7 9. d3 Rc8 10. f4 O-O 11. Nd2 d4 12. e4 Nd7 13. Nxc6 Rxc6 14. f5 exf5 15. Rxf5 Rf6 16. Qf3 Rxf5 17. Qxf5 Bf6 18. a4 Re8 19. Rf1 Re5 20. Qf2 Rh5 21. g4 Re5 22. Nf3 Re8 23. h4 Ne5 24. g5 Nxf3+ 25. Qxf3 Be5 26. Qxf7+ Kh8 27. Bc1 Re7 28. Qf8+ 1-0


[Site "https://www.chess.com"]

[Event "Titled Tuesday Blitz August 1 Late 2023"]
[White "Goldin, Alexander"]
[Black "The_Straightforward_Rook"]
[WhiteFideId "2019540"]
[WhiteElo "2594"]
[BlackElo "2322"]
[Result "1-0"]
[Round "3"]
[TimeControl "180+1"]
[Date "2023.08.01"]
[WhiteClock "0:00:15"]
[BlackClock "0:01:35"]
[Board "149"]

1. d4 Nf6 2. c4 e6 3. Nf3 b6 4. a3 Bb7 5. Nc3 d5 6. cxd5 Nxd5 7. e3 Be7 8. Bb5+ c6 9. Bd3 O-O 10. O-O Nd7 11. e4 Nxc3 12. bxc3 c5 13. Qe2 cxd4 14. cxd4 h6 15. Bf4 Rc8 16. Rfd1 Bg5 17. Nxg5 hxg5 18. Be3 e5 19. d5 Nc5 20. Bc2 Qd6 21. Bxg5 Ba6 22. Qd2 f6 23. Be3 Rc7 24. Ra2 Rfc8 25. Rb2 Bc4 26. f3 b5 27. Ra1 a6 28. h3 Nb7 29. Kh2 a5 30. Bd1 a4 31. Rc2 Nc5 32. Qb4 Nb7 33. Qxd6 Nxd6 34. Rac1 f5 35. exf5 Nxf5 36. Bf2 Nd4 37. Rb2 Nb3 38. Bxb3 axb3 39. d6 Rd7 40. Rd2 Rc6 41. Bg3 Rcxd6 42. Rxd6 Rxd6 43. Bxe5 Ra6 44. Bb2 Rd6 45. a4 Rd2 46. axb5 Bxb5 47. Bc3 Rc2 48. Rxc2 bxc2 49. Bb2 Bd3 50. h4 Kf8 51. g4 Kf7 52. Kg3 g6 53. Kf4 Ke6 54. Kg5 Kf7 55. f4 Kg8 56. Kh6 Be4 57. h5 gxh5 58. Kxh5 Kf7 59. f5 Bd3 60. Kg5 Be4 61. Kf4 Bd3 62. g5 Kg8 63. g6 Kf8 64. Kg5 Kg8 65. f6 Kf8 66. Ba3+ Kg8 67. f7+ Kh8 68. f8=Q# 1-0


[Site "https://www.chess.com"]

[Event "Titled Tuesday Blitz August 1 Late 2023"]
[White "Manukyan, Sargis V."]
[Black "Lacasa Diaz, Jose Antonio"]
[WhiteFideId "13303465"]
[BlackFideId "2203375"]
[WhiteElo "2589"]
[BlackElo "2320"]
[Result "1-0"]
[Round "3"]
[TimeControl "180+1"]
[Date "2023.08.01"]
[WhiteClock "0:00:06"]
[BlackClock "0:00:20"]
[Board "150"]

1. d4 d5 2. c4 e6 3. Nc3 c5 4. cxd5 exd5 5. Nf3 Nc6 6. g3 Nf6 7. Bg2 cxd4 8. Nxd4 Bc5 9. Nb3 Bb6 10. Nxd5 Be6 11. Nxb6 Qxd1+ 12. Kxd1 axb6 13. Nd2 O-O 14. e3 Rfe8 15. b3 Rad8 16. Bxc6 bxc6 17. Ke2 Bf5 18. Rd1 Bd3+ 19. Ke1 Bc2 20. Bb2 Bxd1 21. Rxd1 Ne4 22. Nxe4 Rxd1+ 23. Kxd1 Rxe4 24. a4 Re8 25. Kc2 g6 26. Bd4 b5 27. a5 Ra8 28. Bb6 Kf8 29. Kc3 Ke7 30. Kd4 Kd6 31. e4 f6 32. f4 h5 33. b4 h4 34. Bc5+ Ke6 35. g4 f5 36. exf5+ gxf5 37. g5 h3 38. Ke3 Rd8 39. a6 Kd5 40. a7 Kc4 41. g6 Rg8 42. g7 Ra8 43. Bf8 Rxa7 44. g8=Q+ Kc3 45. Qe6 Ra3 46. Qxf5 Kb2+ 47. Ke4 Ra4 48. Qe5+ Kb3 49. f5 Ra1 50. Qxa1 c5 51. bxc5 b4 52. c6 Kc2 53. c7 b3 54. c8=Q+ Kd2 55. Qb2+ Ke1 56. Qcc1# 1-0


[Site "https://www.chess.com"]

[Event "Titled Tuesday Blitz August 1 Late 2023"]
[White "Hacker, Jonas"]
[Black "Perez, Maximiliano"]
[WhiteFideId "1270968"]
[BlackFideId "117234"]
[WhiteElo "2316"]
[BlackElo "2564"]
[Result "1-0"]
[Round "3"]
[TimeControl "180+1"]
[Date "2023.08.01"]
[WhiteClock "0:00:07"]
[BlackClock "0:00:00"]
[Board "151"]

1. c4 Nf6 2. Nf3 e6 3. Nc3 d5 4. e3 Be7 5. b3 O-O 6. Bb2 b6 7. cxd5 exd5 8. d4 c5 9. Be2 Nc6 10. O-O Bg4 11. dxc5 bxc5 12. Rc1 Re8 13. Na4 Ne4 14. Nd2 Bxe2 15. Qxe2 Nb4 16. a3 Nc6 17. Nxe4 dxe4 18. Nxc5 Qd5 19. Rfd1 Qf5 20. b4 Rac8 21. h3 a5 22. Qg4 Qxg4 23. hxg4 axb4 24. axb4 Bf8 25. b5 Na7 26. b6 Bxc5 27. bxa7 Bxa7 28. Rxc8 Rxc8 29. Rd7 Bc5 30. g5 Bf8 31. Bd4 Ra8 32. g4 Re8 33. Kg2 Be7 34. Kg3 Bxg5 35. f4 exf3 36. Kxf3 h6 37. Rc7 Be7 38. Rd7 Kh7 39. Rb7 Kg6 40. Rd7 Bf8 41. Rd5 Be7 42. Rb5 Bg5 43. Rb6+ Kh7 44. Rb5 Re6 45. Rb7 Kg6 46. Rb5 Rd6 47. Ra5 Rc6 48. Rb5 f6 49. Ra5 h5 50. gxh5+ Kxh5 51. Ra1 Kg6 52. Rg1 Kf5 53. Ra1 Rc2 54. Ra5+ Kg6 55. Ra6 Kh5 56. Ra7 Bh6 57. Ra5+ Kg6 58. Ra1 Kf7 59. Ra7+ Kg6 60. Ra1 Rc7 61. Rg1+ Kf7 62. Ra1 Rc6 63. Ra5 g5 64. Ra7+ Kg6 65. Ra5 f5 66. Ra4 g4+ 67. Kg3 Re6 68. Ra3 Bg5 69. Kf2 Bh4+ 70. Kg2 Kg5 71. Ra8 Rg6 72. Rf8 Re6 73. Rg8+ Rg6 74. Rf8 Be1 75. Rf7 Bd2 76. Rf8 Be1 77. Rf7 Bb4 78. Be5 Bc5 79. Bf4+ 1-0


[Site "https://www.chess.com"]

[Event "Titled Tuesday Blitz August 1 Late 2023"]
[White "Ortega Amarelle, Mariano"]
[Black "SicilianPanzer"]
[WhiteFideId "3504301"]
[WhiteElo "2514"]
[BlackElo "2316"]
[Result "1-0"]
[Round "3"]
[TimeControl "180+1"]
[Date "2023.08.01"]
[WhiteClock "0:02:28"]
[BlackClock "0:02:11"]
[Board "152"]

1. Nf3 Nf6 2. b3 g6 3. Bb2 Bg7 4. g3 O-O 5. Bg2 d5 6. O-O c5 7. e3 b6 8. c4 Bb7 9. d3 dxc4 10. bxc4 Nc6 11. Qe2 Qc7 12. Nc3 a6 13. Nd5 Nxd5 14. cxd5 Bxb2 15. dxc6 1-0


[Site "https://www.chess.com"]

[Event "Titled Tuesday Blitz August 1 Late 2023"]
[White "Villarreal, Agustin"]
[Black "ArtemDyachuk"]
[WhiteFideId "125687"]
[WhiteElo "2310"]
[BlackElo "2510"]
[Result "1-0"]
[Round "3"]
[TimeControl "180+1"]
[Date "2023.08.01"]
[WhiteClock "0:01:02"]
[BlackClock "0:00:00"]
[Board "153"]

1. d4 Nf6 2. c4 e6 3. Nf3 c5 4. d5 d6 5. Nc3 exd5 6. cxd5 g6 7. e4 Bg7 8. h3 O-O 9. Bd3 b5 10. Bxb5 Nxe4 11. Nxe4 Qa5+ 12. Nfd2 Qxb5 13. Nxd6 Qa6 14. N2c4 Nd7 15. O-O Ne5 16. Nxe5 Qxd6 17. Nc6 Bb7 18. Be3 Rfe8 19. Rc1 Bxb2 20. Bxc5 Qf6 21. Rc2 Bxc6 22. dxc6 Be5 23. Qf3 Qxf3 24. gxf3 Re6 25. Be3 Rc8 26. Rfc1 a5 27. Rc4 Bc7 28. Kg2 Rb8 29. R1c2 Rb1 30. Rd2 Rb8 31. Rd7 Rc8 32. f4 Bd8 33. c7 Bf6 34. Bc5 Rc6 35. Be7 Rxc4 36. Rd8+ Kg7 37. Bf8+ Kg8 38. Rxc8 Rc2 39. Bh6+ 1-0


[Site "https://www.chess.com"]

[Event "Titled Tuesday Blitz August 1 Late 2023"]
[White "Gertler, David"]
[Black "Hirneise, Jens"]
[WhiteFideId "2017377"]
[BlackFideId "24614734"]
[WhiteElo "2307"]
[BlackElo "2473"]
[Result "1/2-1/2"]
[Round "3"]
[TimeControl "180+1"]
[Date "2023.08.01"]
[WhiteClock "0:00:55"]
[BlackClock "0:00:38"]
[Board "154"]

1. e4 e5 2. Nf3 Nc6 3. Bb5 Nge7 4. Nc3 Ng6 5. d4 exd4 6. Nxd4 Bc5 7. Nf5 O-O 8. O-O d6 9. Qh5 Nd4 10. Bd3 Bxf5 11. exf5 Qh4 12. Qxh4 Nxh4 13. f6 c6 14. Ne4 Ne6 15. g3 Nf3+ 16. Kg2 Ne5 17. f4 Nxd3 18. cxd3 d5 19. fxg7 Kxg7 20. Nd2 Nd4 21. Nf3 Nxf3 22. Kxf3 Rfe8 23. Bd2 Bd4 24. Rae1 h5 25. Bc3 Bf6 26. Be5 Kg6 27. h3 Bxe5 28. fxe5 f6 29. exf6 1/2-1/2


[Site "https://www.chess.com"]

[Event "Titled Tuesday Blitz August 1 Late 2023"]
[White "Harshal, Shahi"]
[Black "Romero Barreto, Jaime Jose"]
[WhiteFideId "5048257"]
[BlackFideId "3902498"]
[WhiteElo "2307"]
[BlackElo "2473"]
[Result "1-0"]
[Round "3"]
[TimeControl "180+1"]
[Date "2023.08.01"]
[WhiteClock "0:00:06"]
[BlackClock "0:00:17"]
[Board "155"]

1. e4 d6 2. d4 Nf6 3. Bd3 e5 4. c3 Nc6 5. d5 Ne7 6. Ne2 c6 7. c4 a6 8. a4 Bd7 9. a5 b5 10. axb6 Qxb6 11. Nbc3 cxd5 12. cxd5 Ng4 13. O-O f5 14. h3 Nf6 15. Be3 Qb7 16. f4 fxe4 17. Nxe4 Nexd5 18. Nxf6+ gxf6 19. Be4 Bc6 20. Rc1 Nxe3 21. Bxc6+ Qxc6 22. Rxc6 Nxd1 23. Rxd1 Kd7 24. Rdc1 Be7 25. Rc7+ Ke6 26. g4 Rhe8 27. f5+ Kf7 28. Nc3 Rab8 29. Rc2 Rb4 30. Nd5 Rd4 31. Nb6 d5 32. Rd7 Rd8 33. Ra7 Rd1+ 34. Kg2 d4 35. Nc8 Re8 36. Rcc7 e4 37. Nd6+ Kf8 38. Nxe8 Kxe8 39. Rxe7+ Kd8 40. Reb7 1-0


[Site "https://www.chess.com"]

[Event "Titled Tuesday Blitz August 1 Late 2023"]
[White "Grossboss19"]
[Black "Stanisz, Patryk"]
[BlackFideId "1123106"]
[WhiteElo "2472"]
[BlackElo "2303"]
[Result "1-0"]
[Round "3"]
[TimeControl "180+1"]
[Date "2023.08.01"]
[WhiteClock "0:01:20"]
[BlackClock "0:00:59"]
[Board "156"]

1. Nf3 d5 2. b3 c6 3. Bb2 Bf5 4. g3 e6 5. Bg2 Nf6 6. O-O h6 7. c4 Be7 8. d4 O-O 9. Nbd2 Ne4 10. Re1 Nd7 11. Rc1 Qa5 12. a3 Ndf6 13. b4 Qb6 14. c5 Qc7 15. Nb3 Ng4 16. Rf1 Bg5 17. Nxg5 Nxg5 18. Nd2 Rfe8 19. Qb3 a6 20. f3 Nf6 21. Rce1 Nh3+ 22. Kh1 Ng5 23. e4 Bg6 24. e5 Nd7 25. f4 Bh7 26. fxg5 1-0


[Site "https://www.chess.com"]

[Event "Titled Tuesday Blitz August 1 Late 2023"]
[White "Castro Silva, Moises Antonio"]
[Black "Manon-og, Ramon Jr."]
[WhiteFideId "3909794"]
[BlackFideId "5200776"]
[WhiteElo "2467"]
[BlackElo "2300"]
[Result "0-1"]
[Round "3"]
[TimeControl "180+1"]
[Date "2023.08.01"]
[WhiteClock "0:00:10"]
[BlackClock "0:00:43"]
[Board "157"]

1. e4 c5 2. Nf3 d6 3. d4 cxd4 4. Nxd4 Nf6 5. Nc3 a6 6. Bg5 e6 7. f4 Be7 8. Qf3 Nbd7 9. O-O-O Qc7 10. g4 O-O 11. Bxf6 Nxf6 12. g5 Nd7 13. h4 b5 14. f5 b4 15. Na4 Ne5 16. Qg3 Kh8 17. Bh3 exf5 18. exf5 f6 19. Ne6 Bxe6 20. fxe6 Rac8 21. Qb3 fxg5 22. hxg5 Rf3 23. Bf5 Rxb3 24. Rxh7+ Kg8 25. Rdh1 Bxg5+ 26. Kb1 Rxb2+ 27. Nxb2 Bh6 28. R1xh6 gxh6 29. Rxc7 Rxc7 30. Nd1 h5 31. Ne3 h4 32. Nd5 Rg7 33. Nxb4 Kf8 34. Nxa6 Nc4 35. a4 Ne3 36. Be4 d5 37. Bf3 Ke7 38. Nc5 Kd6 39. a5 Kxc5 0-1


[Site "https://www.chess.com"]

[Event "Titled Tuesday Blitz August 1 Late 2023"]
[White "Omariev, Maksim"]
[Black "Lopez Gracia, Fernando"]
[WhiteFideId "4193423"]
[BlackFideId "2207184"]
[WhiteElo "2462"]
[BlackElo "2298"]
[Result "0-1"]
[Round "3"]
[TimeControl "180+1"]
[Date "2023.08.01"]
[WhiteClock "0:00:03"]
[BlackClock "0:01:12"]
[Board "158"]

1. g4 d5 2. Bg2 Bxg4 3. c4 c6 4. Qb3 Bc8 5. cxd5 Nf6 6. Nc3 e6 7. dxe6 Bxe6 8. Qxb7 Nbd7 9. Qxc6 Rc8 10. Qa4 Bc5 11. Nf3 O-O 12. d4 Bb6 13. O-O Ng4 14. Bf4 Qf6 15. Bg3 Rc4 16. Qd1 Rfc8 17. Ne4 Qg6 18. Nd6 Bd5 19. Nxc8 Rxc8 20. Re1 h5 21. h3 Ngf6 22. Ne5 Nxe5 23. dxe5 Qxg3 24. e3 Qxg2# 0-1


[Site "https://www.chess.com"]

[Event "Titled Tuesday Blitz August 1 Late 2023"]
[White "Cupid, Kevin"]
[Black "Bazilius, Augustinas"]
[WhiteFideId "7700512"]
[BlackFideId "12832251"]
[WhiteElo "2297"]
[BlackElo "2459"]
[Result "1-0"]
[Round "3"]
[TimeControl "180+1"]
[Date "2023.08.01"]
[WhiteClock "0:01:08"]
[BlackClock "0:00:00"]
[Board "159"]

1. d4 Nf6 2. Nf3 g6 3. c4 Bg7 4. Nc3 d5 5. Bf4 O-O 6. e3 c5 7. dxc5 Ne4 8. Rc1 Qa5 9. Qb3 Nxc5 10. Qc2 Bf5 11. Qd1 dxc4 12. Bxc4 Rd8 13. Nd2 Bd3 14. Nb3 Qb6 15. Nd5 Rxd5 16. Bxd5 Na4 17. Rc8+ Bf8 18. Qxd3 Nxb2 19. Qc3 Nc6 20. Bh6 1-0


[Site "https://www.chess.com"]

[Event "Titled Tuesday Blitz August 1 Late 2023"]
[White "Gaal, Zsoka"]
[Black "Harish, Neeraj"]
[WhiteFideId "777765"]
[BlackFideId "30958130"]
[WhiteElo "2456"]
[BlackElo "2296"]
[Result "1-0"]
[Round "3"]
[TimeControl "180+1"]
[Date "2023.08.01"]
[WhiteClock "0:01:05"]
[BlackClock "0:00:41"]
[Board "160"]

1. Nf3 Nf6 2. g3 d5 3. Bg2 e6 4. b3 Be7 5. Bb2 O-O 6. O-O c5 7. c4 Nc6 8. e3 b6 9. cxd5 Nxd5 10. d4 cxd4 11. Nxd4 Nxd4 12. Bxd4 Bb7 13. Nd2 Bf6 14. Nc4 Bxd4 15. Qxd4 Qe7 16. Rac1 Rfd8 17. Qa1 Nf6 18. Ne5 Bxg2 19. Kxg2 Qb7+ 20. Kg1 Rac8 21. Rfd1 Rxd1+ 22. Rxd1 h6 23. Qd4 Qd5 24. Qxd5 Nxd5 25. e4 Nf6 26. f3 g6 27. Nc4 b5 28. Ne3 Kg7 29. Kf2 h5 30. h4 e5 31. Ke2 b4 32. Nc4 Kf8 33. Nxe5 Rc2+ 34. Rd2 Rc1 35. Nd3 Rg1 36. Kf2 Rh1 37. Nxb4 Rh2+ 38. Ke3 Rh1 39. Kf4 a5 40. Nd5 Nxd5+ 41. Rxd5 Ra1 42. Rxa5 Kg7 43. b4 Rb1 44. b5 Rb4 45. a4 f6 46. Ra7+ Kh6 47. Ra6 Kg7 48. b6 Kf7 49. a5 Ke7 50. Ra7+ Kd6 51. Rg7 Rb5 52. b7 1-0


[Site "https://www.chess.com"]

[Event "Titled Tuesday Blitz August 1 Late 2023"]
[White "SalihEke"]
[Black "Sathish, Pranav"]
[BlackFideId "30967538"]
[WhiteElo "2295"]
[BlackElo "2444"]
[Result "1-0"]
[Round "3"]
[TimeControl "180+1"]
[Date "2023.08.01"]
[WhiteClock "0:00:12"]
[BlackClock "0:00:55"]
[Board "161"]

1. e4 c5 2. Nf3 Nc6 3. d4 cxd4 4. Nxd4 e5 5. Nxc6 bxc6 6. Nc3 Nf6 7. Bc4 Bb4 8. O-O Bxc3 9. bxc3 Nxe4 10. Qh5 Qf6 11. Ba3 d5 12. Rae1 Be6 13. Ba6 g6 14. Qh6 Kd7 15. Rxe4 dxe4 16. Rd1+ Kc7 17. Bd6+ Kb6 18. Be2 Bd5 19. Rb1+ Ka5 20. Bb4+ Ka4 21. Rb3 1-0


[Site "https://www.chess.com"]